 Dungeon Crawl Stone Soup version 0.27-a0-295-ge1136d6ca4 (webtiles) character file.

Game seed: 816020952105803469

3397 Nattfarinn the Geomancer (level 10, -5/58 HPs)
             Began as a Gargoyle Earth Elementalist on Feb 10, 2021.
             Was an Initiate of Qazlal.
             Slain by a gnoll sergeant
             ... wielding a +0 vampiric trident
              (7 damage)
             ... on level 7 of the Dungeon.
             The game lasted 00:28:07 (8339 turns).

Nattfarinn the Geomancer (GrEE)                     Turns: 8339, Time: 00:28:08

Health: -5/58      AC: 15    Str: 13      XL:     10   Next: 4%
Magic:  2/16       EV: 11    Int: 18      God:    Qazlal [......]
Gold:   251        SH:  0    Dex:  4 (10) Spells: 14/18 levels left

rFire    . . .     SeeInvis .   a - +4 dagger (flame)
rCold    . . .     Faith    .   (no shield)
rNeg     + . .     Spirit   .   b - +1 leather armour
rPois    ∞         Reflect  .   x - +2 helmet
rElec    +         Harm     .   (no cloak)
rCorr    .         Rampage  .   (no gloves)
Will     .....                  (no boots)
Stlth    ++........             (no amulet)
HPRegen  0.19/turn              (no ring)
MPRegen  0.15/turn              (no ring)

@: marked
A: talons 1, camouflage 1, negative energy resistance 1, electricity resistance,
unbreathing, petrification resistance, miasma immunity, AC +7
a: Renounce Religion


You were on level 7 of the Dungeon.
You worshipped Qazlal.
Qazlal was noncommittal.
You visited 1 branch of the dungeon, and saw 9 of its levels.

You collected 251 gold pieces.

Inventory:

Hand Weapons
 a - a +4 dagger of flaming (weapon)
Armour
 b - a +1 leather armour (worn)
 c - a +0 robe
 t - a +1 hat
 x - a +2 helmet (worn)
Jewellery
 B - an uncursed ring of ice {unknown}
 C - an uncursed ring of fire
Wands
 d - a wand of mindburst (22)
Scrolls
 h - 4 scrolls of identify
 i - 2 scrolls of fog
 j - 4 scrolls of remove curse
 k - 2 scrolls of enchant weapon
 o - a scroll of enchant armour
 v - a scroll of blinking
Potions
 e - a potion of brilliance
 m - a potion of flight
 q - a potion of degeneration
 A - a potion of attraction


   Skills:
 - Level 4.9 Fighting
 - Level 7.1 Armour
 - Level 1.5 Dodging
 - Level 2.1 Stealth
 - Level 4.6 Spellcasting
 + Level 6.3 Conjurations
 - Level 0.7 Transmutations
 * Level 10.6 Earth Magic


You had 14 spell levels left.
You knew the following spells:

 Your Spells              Type           Power        Failure   Level
a - Sandblast             Erth           84%          1%          1
b - Stone Arrow           Conj/Erth      68%          1%          3

Your spell library contained the following spells:

 Spells                   Type           Power        Failure   Level
 Passwall                 Tmut/Erth      20%          2%          2
 Lee's Rapid Deconstruct  Erth           21%          6%          5
 Petrify                  Tmut/Erth      24%          16%         4


Dungeon Overview and Level Annotations

Branches:
Dungeon (9/15)
 Temple: D:4-7         Lair: D:8-11         Orc: D:9-12

Altars:
Makhleb
Qazlal
Ru
Trog
Xom
Yredelemnul
Zin

Annotations:
D:7 Duvessa
D:9 Gastronok, Psyche


Innate Abilities, Weirdness & Mutations

You are resistant to torment.
Your stone body is resilient. (AC +7)
You are immune to poison.
You resist negative energy. (rN+)
You are resistant to electric shocks. (rElec)
You can survive without breathing.
You are immune to petrification.
You are immune to miasma.
You have sharp toenails.
Your skin changes colour to match your surroundings (Stealth+).


Message History

The quasit bites you but does no damage.
The quasit barely misses you. The quasit closely misses you.
The ogre misses you. The gnoll sergeant barely misses you.
The quasit bites you but does no damage.
The quasit barely misses you. The quasit closely misses you.
You barely miss the quasit. Your kick misses the quasit.
The quasit is heavily wounded.
The gnoll sergeant barely misses you. The ogre barely misses you.
The quasit barely misses you.
The quasit claws you but does no damage.
The quasit closely misses you.
Unknown command.
Press < or > to pray at altars.
You hit the ogre. You burn the ogre.
The ogre is lightly wounded.
The quasit closely misses you.
The quasit claws you but does no damage.
The quasit barely misses you.
The gnoll sergeant hits you but does no damage.
The ogre barely misses you.
You barely miss the ogre. You claw the ogre.
The ogre is lightly wounded.
The quasit bites you.
* * * LOW HITPOINT WARNING * * *
The quasit claws you but does no damage. x2
The gnoll sergeant hits you from afar with a +0 vampiric trident!
* * * LOW HITPOINT WARNING * * *
The ogre hits you with a +0 giant club!
* * * LOW HITPOINT WARNING * * *
The quasit bites you.
* * * LOW HITPOINT WARNING * * *
The quasit barely misses you. x2
Okay, then.
Hit: a) +4 dagger (flame)
Press: ? - help, Dir - move target, f/p - quasit
Aim: a quasit (purple smoke, heavily wounded, inner flame, about 59% to evade your +4 dagger of flaming)
You completely miss the quasit. Your kick misses the quasit.
The quasit is heavily wounded.
The gnoll sergeant hits you from afar with a +0 vampiric trident!
You die...

,* ** ** ###*### ,* ##..##.#
,** #......### ,,*
#........##### #### ,,***
##.......##e.###Og## ,,,,*
#.......##5#§.#.h#.### ,,*.**
##......#@Oh#.g#.g#gZ#
,,,..#**##.....###g.#..#..#.#
***.^..###......##...#).J##5#
* *.....)........##########.#
* *#.............## #.#
***#...[.........[# ##.#
,,,...............########..#
,,,...................5.†..##
,,,..................#######


You could see Duvessa (berserk, inner flame), a black bear, an ogre, a gnoll
sergeant and a quasit (inner flame).

Vanquished Creatures
  Harold (D:7)
  Pikel (D:7)
  Grinder (D:3)
  Eustachio (D:3)
  A warg (D:9)
  Menkaure (D:4)
  2 necrophages (D:5)
  3 ogres
  A centaur (D:5)
  2 lemures (D:7)
  2 bullfrogs
  Dowan (D:7)
  5 killer bees (D:9)
  2 scorpions (D:4)
  A howler monkey (D:4)
  A quasit (D:5)
  An orc priest (D:9)
  3 hounds
  A jelly (D:9)
  A centaur skeleton (D:5)
  Terence (D:2)
  4 worker ants
  A hound skeleton (D:4)
  3 gnolls (D:3)
  12 adders
  3 white imps
  3 oozes (D:1)
  An adder skeleton (D:4)
  6 worms
  4 dart slugs
  6 leopard geckos
  18 orcs
  3 ball pythons
  9 bats
  7 giant cockroaches
  5 goblins
  6 hobgoblins
  12 jackals
  2 quokkas
  4 frilled lizards
  A jackal zombie (D:5)
  8 kobolds
  2 leopard gecko skeletons
  A quokka zombie (D:5)
  9 rats
163 creatures vanquished.

Vanquished Creatures (others)
  A worker ant (D:5)
  An adder (D:6)
  A leopard gecko (D:5)
  A giant cockroach (D:5)
4 creatures vanquished.

Grand Total: 167 creatures vanquished

Notes
Turn   | Place    | Note
-------+----------+-------------------------------------------
     0 | D:1      | Nattfarinn the Gargoyle Earth Elementalist began the quest
                  | for the Orb.
     0 | D:1      | Reached XP level 1. HP: 10/10 MP: 3/3
   140 | D:1      | Reached skill level 1 in Armour
   140 | D:1      | Reached XP level 2. HP: 14/16 MP: 3/5
   269 | D:1      | Reached skill level 1 in Fighting
   450 | D:1      | Reached XP level 3. HP: 20/20 MP: 2/6
  1156 | D:1      | Reached XP level 4. HP: 17/26 MP: 7/7
  1827 | D:2      | Found a bloodstained altar of Trog.
  2195 | D:2      | Noticed Terence
  2214 | D:2      | Killed Terence
  2215 | D:2      | Reached XP level 5. HP: 31/31 MP: 0/9
  2484 | D:2      | You fall into a shaft and drop 1 floor!
  2701 | D:3      | Found a faded altar of an unknown god.
  2745 | D:3      | Noticed Grinder
  2811 | D:3      | Paralysed by Grinder for 4 turns
  2826 | D:3      | Killed Grinder
  2827 | D:3      | Reached XP level 6. HP: 19/37 MP: 1/11
  3277 | D:3      | Reached skill level 5 in Armour
  3589 | D:4      | Noticed Menkaure
  3596 | D:4      | Killed Menkaure
  3597 | D:4      | Reached XP level 7. HP: 42/42 MP: 7/12
  4197 | D:4      | Noticed Eustachio
  4820 | D:3      | Killed Eustachio
  4821 | D:3      | Reached XP level 8. HP: 38/48 MP: 14/14
  4886 | D:3      | Learned a level 3 spell: Stone Arrow
  5453 | D:5      | Entered Level 5 of the Dungeon
  5504 | D:5      | Reached skill level 1 in Conjurations
  5504 | D:5      | Reached skill level 4 in Earth Magic
  5862 | D:5      | Found a shimmering altar of Xom.
  5901 | D:5      | Reached skill level 5 in Earth Magic
  6238 | D:5      | Reached skill level 6 in Earth Magic
  6479 | D:5      | Found a burning altar of Makhleb.
  6582 | D:5      | Found a basalt altar of Yredelemnul.
  6927 | D:6      | You fall into a shaft and drop 3 floors!
  7047 | D:9      | Reached XP level 9. HP: 53/53 MP: 11/15
  7117 | D:9      | Noticed Psyche
  7318 | D:9      | Reached skill level 7 in Earth Magic
  7554 | D:9      | Noticed Gastronok
  7615 | D:9      | Found a glowing silver altar of Zin.
  7616 | D:9      | Noticed a two-headed ogre
  7620 | D:9      | Noticed a two-headed ogre
  7737 | D:8      | Reached skill level 8 in Earth Magic
  7757 | D:7      | Found a sacrificial altar of Ru.
  7821 | D:7      | Found a stormy altar of Qazlal.
  8092 | D:7      | Noticed Pikel
  8092 | D:7      | Noticed Dowan
  8134 | D:7      | Killed Dowan
  8223 | D:7      | Noticed Harold
  8290 | D:7      | Killed Harold
  8291 | D:7      | Reached skill level 5 in Conjurations
  8291 | D:7      | Reached skill level 9 in Earth Magic
  8297 | D:7      | Gained mutation: Your skin changes colour to match your
                  | surroundings (Stealth+). [potion of mutation]
  8297 | D:7      | Gained mutation: You have sharp toenails. [potion of
                  | mutation]
  8306 | D:7      | Killed Pikel
  8307 | D:7      | Reached skill level 10 in Earth Magic
  8307 | D:7      | Reached XP level 10. HP: 23/58 MP: 3/16
  8312 | D:7      | Noticed Duvessa
  8331 | D:7      | Became a worshipper of Qazlal Stormbringer
  8338 | D:7      | HP: 2/58 [quasit (1)]
  8339 | D:7      | Slain by a gnoll sergeant

Illustrated notes

Levels and vault maps discovered:
D:1:      dpeg_arrival_solitude, layout_basic
D:2:      layout_basic, lightli_temple_of_fire, serial_bayou_crossing,
          uniq_terence
D:3:      layout_basic, chequers_ecumenical_altar_lobes, uniq_grinder
D:4:      layout_cave_pools, gup_sewer_entry_spiral, uniq_menkaure,
          uniq_eustachio
D:5:      layout_loops_ring, xom_confusion_cloud, hangedman_feature_mirror
D:6:      layout_gridville, fiery_altar_vehumet, minmay_temple_entry_tees,
          tgw_kikubaaqudgha, uniq_sigmund
D:7:      wander_river, layout_cave_pools, marbit_many_paths,
          okawaru_gym_becter, basic_altar, serial_shops, shop,
          nicolae_ossuary_entry_false_entrances, uniq_duvessa, uniq_pikel,
          uniq_harold
D:8:      layout_loops_ring, nicolae_ru_sacrificial_ziggurat, grunt_tough_drop
D:9:      layout_rooms, old_standard_altar, erik_orc_3, the_bakery,
          uniq_gastronok, uniq_psyche

Skill      XL: |  1  2  3  4  5  6  7  8  9 |
---------------+----------------------------+-----
Armour         | 1 2 3 4 5 6 7 |  7.1
Fighting       | 1 2 3 4 |  4.9
Spellcasting   | 3 4 |  4.6
Conjurations   | 3 6 |  6.3
Earth Magic    | 6 10 | 10.6
Dodging        | |  1.5
Stealth        | |  2.1
Transmutations | |  0.7

Action                   |  1- 3 |  4- 6 |  7- 9 | 10-12 || total
-------------------------+-------+-------+-------+-------++-------
Melee: Unarmed           |     3 |       |     2 |       ||     5
       Dagger            |    52 |    95 |   260 |     9 ||   416
       Kick              |       |       |       |     1 ||     1
 Cast: Sandblast         |    14 |    47 |    49 |       ||   110
       Stone Arrow       |       |       |    59 |     2 ||    61
Evoke: Wand              |       |       |       |     5 ||     5
  Use: Scroll            |       |     2 |     9 |     9 ||    20
       Potion            |       |       |    11 |     2 ||    13
 Stab: Sleeping          |     1 |     1 |     5 |       ||     7
       Invisible         |       |       |     3 |       ||     3
Armor: Robe              |    22 |    34 |    83 |       ||   139
       Leather armour    |       |       |   120 |    50 ||   170
       Skin              |       |       |    98 |    12 ||   110
Dodge: Dodged            |    49 |    68 |   299 |    59 ||   475

Table legend: (Time is in decaauts)
 A = Elapsed time spent in this place.
 B = Non-inter-level travel time spent in this place.
 C = Inter-level travel time spent in this place.
 D = Time resting spent in this place.
 E = Time spent auto-exploring this place.
 F = Levels seen in this place.
 G = Mean time per level.
                   A        B        C        D        E       F      G
               +--------+--------+--------+--------+--------+-----+--------+
         Total |   8374 |   8161 |    213 |   2386 |   4207 |   9 |  930.4 |
       Dungeon |   8374 |   8161 |    213 |   2386 |   4207 |   9 |  930.4 |
               +--------+--------+--------+--------+--------+-----+--------+

Top non-repeatable levels by time:
     D:4: 1561 daAuts
     D:1: 1543 daAuts
     D:5: 1469 daAuts
     D:3: 1456 daAuts
     D:2: 948 daAuts
     D:9: 710 daAuts
     D:7: 581 daAuts
     D:8: 94 daAuts
     D:6: 9 daAuts
